AoeStats
← iAlejandrouae

Arena

507245325Analyzed
4v4 RM · 16d ago on Sep 17, 2026· 53m 22s· 8 players
Game mode
Random Map
Map size
Large (8 player)
Population
200
Speed
Normal
Resources
Standard
Victory
Conquest
Starting age
Dark Age
Ending age
Imperial Age
RankedLock teamsTeams togetherTeam positionsShared explorationLock speedFull tech treeHidden civsTurbo modeCheats
Victory
Defeat
🇨🇳 Japanese · China
1652
+13
🇦🇷 Persians · Argentina
1603
+15
🇧🇷 Dravidians · Brazil
1601
+15
🇬🇧 Cumans · United Kingdom
1556
+17
🇭🇰 Mongols · Hong Kong SAR China
1697
-21
🇨🇳 Poles · China
1544
-13
🇹🇼 Bohemians · Taiwan
1538
-13
🇹🇼 Italians · Taiwan
1534
-13
Frankie Fast Hands
8:06 Feudal Age
8:49 Double-Bit Axe
10:37 Horse Collar
14:04 Wheelbarrow
18:30 Gold Mining
21:05 Castle Age
20:02 Stone Mining
20:35 Bloodlines
20:34 Scale Barding Armor
20:40 Forging
22:39 Chain Barding Armor
22:31 Bow Saw
25:02 Loom
25:55 Gold Shaft Mining
28:48 Iron Casting
27:53 Capped Ram
35:46 Imperial Age
36:07 Cavalier
37:30 Plate Barding Armor
38:49 Blast Furnace
38:14 Paladin
47:08 Caravan
46:40 Light Cavalry
48:25 Hand Cart
48:31 Hussar
49:55 Town Watch
51:04 Siege Ram
52:36 Fletching
iAlejandrouae
5:58 Loom
8:01 Feudal Age
9:31 Fletching
18:18 Wheelbarrow
23:15 Castle Age
21:20 Double-Bit Axe
22:36 Horse Collar
23:37 Bodkin Arrow
25:12 Heavy Plow
25:26 Bow Saw
25:18 Guard Tower
26:49 Ballistics
28:36 Masonry
29:04 Murder Holes
30:10 Town Watch
32:28 Hand Cart
34:05 Stone Mining
34:07 Gold Mining
37:01 Gold Shaft Mining
36:55 Heavy Plow
37:06 Bow Saw
38:02 Scale Barding Armor
38:08 Forging
40:54 Imperial Age
40:30 Chain Barding Armor
40:46 Iron Casting
40:35 Bloodlines
40:25 Husbandry
41:27 Caravan
42:21 Conscription
42:38 Plate Barding Armor
43:06 Two-Man Saw
42:38 Crop Rotation
41:43 Light Cavalry
44:01 Blast Furnace
43:01 Elite War Elephant
44:25 Architecture
43:26 Hussar
52:15 Citadels
aunclelikegod02
9:28 Feudal Age
10:02 Feudal Age
14:32 Castle Age
12:42 Double-Bit Axe
13:14 Horse Collar
18:20 Bow Saw
21:55 Gold Mining
21:56 Stone Mining
23:21 Heavy Plow
23:38 Loom
27:29 Gold Shaft Mining
27:30 Wheelbarrow
30:53 Imperial Age
29:18 Scale Mail Armor
29:29 Forging
29:20 Pikeman
30:01 Squires
30:18 Chain Mail Armor
30:56 Hand Cart
30:56 Treadmill Crane
31:07 Guard Tower
31:54 Iron Casting
31:16 Halberdier
32:30 Plate Mail Armor
33:01 Two-Man Saw
32:59 Keep
33:19 Conscription
34:04 Blast Furnace
33:23 Fletching
33:56 Ballistics
33:23 Arrowslits
34:03 Yasama
36:06 Kataparuto
35:48 Padded Archer Armor
36:11 Elite Skirmisher
36:47 Bodkin Arrow
37:21 Thumb Ring
37:32 Leather Archer Armor
38:41 Bracer
40:08 Ring Archer Armor
40:39 Chemistry
39:36 Murder Holes
39:46 Siege Engineers
43:36 Caravan
Dakar1
9:38 Feudal Age
13:32 Castle Age
13:36 Double-Bit Axe
15:14 Bow Saw
16:53 Loom
22:23 Wheelbarrow
23:37 Scale Barding Armor
24:38 Hand Cart
24:14 Horse Collar
30:08 Imperial Age
28:04 Ballistics
28:17 Scale Mail Armor
28:08 Fletching
28:21 Padded Archer Armor
28:39 Heavy Plow
29:13 Medical Corps
29:25 Gold Mining
29:39 Bodkin Arrow
30:31 Thumb Ring
30:47 Leather Archer Armor
30:27 Town Watch
32:09 Chemistry
31:43 Bracer
32:06 Elite Elephant Archer
33:37 Ring Archer Armor
33:54 Conscription
33:33 Pikeman
34:13 Squires
33:59 Arson
35:17 Forging
35:55 Halberdier
36:39 Scale Mail Armor
37:14 Iron Casting
37:52 Chain Mail Armor
40:00 Husbandry
39:30 Siege Elephant
41:32 Two-Man Saw
43:44 Town Patrol
45:11 Coinage
44:52 Guilds
49:24 Caravan
53:44 Masonry
快樂 543
8:22 Loom
11:10 Feudal Age
15:00 Fletching
30:51 Castle Age
29:23 Double-Bit Axe
32:03 Bodkin Arrow
色狼英雄传
10:33 Feudal Age
11:24 Double-Bit Axe
14:35 Castle Age
12:41 Horse Collar
15:32 Bow Saw
15:24 Heavy Plow
19:33 Wheelbarrow
20:51 Hand Cart
21:43 Gold Mining
21:44 Stone Mining
22:16 Stone Mining
27:45 Imperial Age
25:02 Town Watch
25:02 Loom
25:57 Stone Shaft Mining
25:57 Fletching
27:09 Gold Shaft Mining
26:38 Bodkin Arrow
26:43 Padded Archer Armor
27:40 Ballistics
28:48 Conscription
29:10 Bracer
29:33 Husbandry
29:43 Bloodlines
29:20 Elite Mangudai
30:30 Thumb Ring
30:51 Parthian Tactics
30:51 Bloodlines
32:17 Chemistry
31:51 Leather Archer Armor
33:11 Coinage
33:38 Masonry
33:27 Capped Ram
34:53 Drill
35:10 Banking
34:35 Siege Ram
37:52 Hoardings
39:19 Caravan
40:27 Siege Engineers
41:13 Onager
43:16 Siege Onager
44:16 Scale Barding Armor
45:16 Nomads
46:40 Light Cavalry
47:41 Chain Barding Armor
47:32 Forging
UU
2:47 Loom
10:38 Feudal Age
11:26 Town Watch
15:15 Castle Age
13:35 Double-Bit Axe
13:44 Horse Collar
16:22 Bow Saw
16:12 Heavy Plow
21:21 Wheelbarrow
21:02 Stone Mining
21:43 Gold Mining
25:46 Szlachta Privileges
25:48 Scale Barding Armor
25:50 Husbandry
26:00 Bloodlines
26:45 Forging
29:09 Chain Barding Armor
34:23 Imperial Age
31:40 Light Cavalry
33:00 Scale Mail Armor
33:34 Hand Cart
34:38 Iron Casting
33:53 Fletching
34:51 Chain Mail Armor
34:27 Fletching
35:00 Padded Archer Armor
34:43 Cavalier
37:12 Chemistry
36:33 Ballistics
35:46 Winged Hussar
37:21 Conscription
36:29 Elite Obuch
37:25 Thumb Ring
36:40 Elite Skirmisher
38:51 Coinage
39:08 Plate Mail Armor
39:39 Blast Furnace
38:37 Bodkin Arrow
40:26 Masonry
43:30 Banking
44:21 Crop Rotation
44:23 Plate Mail Armor
43:53 Bracer
44:21 Lechitic Legacy
48:53 Leather Archer Armor
48:45 Siege Engineers
50:00 Caravan
51:08 Treadmill Crane
绿油精点眼睛
11:30 Feudal Age
15:10 Castle Age
14:04 Double-Bit Axe
14:03 Horse Collar
16:21 Bow Saw
16:49 Fervor
20:42 Sanctity
21:35 Redemption
22:01 Scale Mail Armor
21:42 Pikeman
26:33 Wheelbarrow
25:43 Loom
27:21 Heavy Plow
30:20 Imperial Age
29:13 Chemistry
29:23 Chain Mail Armor
29:19 Forging
29:31 Treadmill Crane
29:57 Town Watch
30:17 Squires
30:03 Arson
30:39 Halberdier
32:18 Hand Cart
32:17 Siege Engineers
32:56 Theocracy
32:46 Illumination
32:37 Block Printing
33:23 Conscription
33:09 Wagenburg Tactics
34:17 Plate Mail Armor
34:23 Iron Casting
35:33 Hussite Reforms
36:40 Devotion
37:05 Illumination
36:56 Block Printing
38:40 Blast Furnace
37:30 Fletching
38:30 Theocracy
39:05 Two-Man Saw
39:02 Onager
39:38 Houfnice
40:21 Arrowslits
40:56 Ballistics
40:47 Masonry
40:36 Bodkin Arrow
47:19 Bracer
47:22 Heavy Scorpion
48:04 Murder Holes
48:39 Architecture
Connection lost

Rejoining the realm…

Still unreachable

The connection could not be restored.

Session expired

The server has moved on; the page needs a fresh start.